 Dungeon Crawl Stone Soup version 0.28.0-43-g3370ac3207 (webtiles) character file.

Game seed: 3091316647214185101

30481 joshe the Cleaver (level 13, -3/124 HPs)
             Began as a Hill Orc Berserker on Mar 8, 2022.
             Was an Elder of Trog.
             Killed from afar by a raiju (9 damage)
             ... with a living lightning
             ... on level 2 of the Abyss.
             The game lasted 01:17:33 (13888 turns).

joshe the Cleaver (Hill Orc Berserker)             Turns: 13888, Time: 01:17:33

Health: -3/124     AC: 29    Str: 25      XL:     13   Next: 52%
Magic:  13/13      EV:  5    Int:  4 (7)  God:    Trog [****..]
Gold:   271        SH:  8    Dex: 10      Spells: 12/12 levels left

rFire   . . .      SeeInvis .   j - +3 broad axe (vamp)
rCold   + + .      Faith    .   y - +3 buckler
rNeg    . . .      Spirit   .   G - +2 crystal plate armour {rC+}
rPois   .          Reflect  .   (no helmet)
rElec   .          Harm     .   (no cloak)
rCorr   .          Rampage  .   (no gloves)
Will    ++...                   p - +2 pair of boots
Stlth   ..........              r - amulet of regeneration
HPRegen 1.00/turn               q - ring of protection from cold
MPRegen 0.13/turn               e - +4 ring of protection

@: strong-willed (expiring), on berserk cooldown, sick, regenerating (expiring),
slowed, very slow
A: deterioration 1
a: Renounce Religion, Berserk, Trog's Hand, Brothers in Arms


You were on level 2 of the Abyss.
You worshipped Trog.
Trog was greatly pleased with you.
You visited 1 branch of the dungeon, and saw 13 of its levels.
You visited the Abyss 1 time.
You visited 1 bazaar.
You also visited: Ice Cave.

You collected 957 gold pieces.
You spent 686 gold pieces at shops.

Inventory:

Hand Weapons
 a - a +1 hand axe of protection
 j - a +3 vampiric broad axe (weapon)
 u - a +4 flail of freezing
 A - a +2 dagger of venom
 F - a +0 antimagic falchion
 I - a +2 trident of holy wrath
Missiles
 v - a throwing net (quivered)
 z - 28 poisoned darts
Armour
 p - a +2 pair of boots (worn)
 y - a +3 buckler (worn)
 C - a scarf of repulsion
 G - a +2 crystal plate armour of cold resistance (worn)
 M - a scarf of resistance
Jewellery
 b - a ring of positive energy
 e - a +4 ring of protection (right hand)
 h - an amulet of faith
 q - a ring of protection from cold (left hand)
 r - an amulet of regeneration (around neck)
 t - a ring of protection from fire
 B - an amulet of guardian spirit
Wands
 g - a wand of flame (7)
 s - a wand of polymorph (19)
 L - a wand of charming (4)
Scrolls
 d - a scroll of holy word
 f - 4 scrolls of amnesia
 i - a scroll of silence
 x - 3 scrolls of identify
 H - 2 scrolls of immolation
 J - 2 scrolls of fog
 K - 5 scrolls of teleportation
Potions
 c - 3 potions of curing
 k - a potion of lignification
 l - a potion of mutation
 m - 2 potions of invisibility
 n - a potion of resistance {unknown}
 D - 3 potions of might
 E - a potion of degeneration {unknown}
Miscellaneous
 w - a condenser vane


   Skills:
 - Level 14.0 Fighting
 - Level 14.0(16.3) Axes
 - Level 11.9(14.0) Maces & Flails
 - Level 10.0 Armour
 - Level 4.0 Dodging
 - Level 6.0 Shields
 + Level 6.1 Evocations


You had 12 spell levels left.
You didn't know any spells.
Your spell library was empty.

Dungeon Overview and Level Annotations

Branches:
Dungeon (13/15)            Temple (0/1) D:7            Lair (0/6) D:9
    Orc (0/2) D:12          IceCv (visited)
 Vaults: D:13-14

Altars:
Ashenzari
Elyvilon
Fedhas
Gozag

Shops:
D:11 ?   D:12 [


Innate Abilities, Weirdness & Mutations

Your body sometimes deteriorates upon taking damage.


Message History

A raiju comes into view.
The neqoxec gestures at you.
Strange energies course through your body.
You feel yourself wasting away.
You feel a strong urge to attack something.
The raiju bursts into living lightning!
The living lightning hits you!
* * * LOW HITPOINT WARNING * * *
The raiju blinks! x2
You closely miss the raiju. You hit the raiju.
The raiju is lightly wounded.
The raiju bites you but does no damage.
You slice the raiju!!
You feel better.
The raiju is severely wounded.
You block the raiju's attack.
You slice the raiju!!
You kill the raiju!
That felt strangely unrewarding.
You are no longer berserk.
You are exhausted.
You feel yourself slow down.
You see here a raiju corpse.
You block the raiju's attack.
The raiju bursts into living lightning!
The living lightning hits the raiju.
The raiju completely resists.
The living lightning hits you!
* * * LOW HITPOINT WARNING * * *
The raiju blinks! x2
You hit the raiju.
The raiju is moderately wounded.
You completely miss the raiju. You slash the raiju!
You feel better.
You feel the effects of Trog's Hand fading.
The raiju bursts into living lightning!
The living lightning hits you!
* * * LOW HITPOINT WARNING * * *
The raiju blinks!
The raiju bursts into living lightning!
The living lightning hits you!
You die...

.#
............≈..v
..... # ##
.#.≈.≈≈ ...# .#
##.≈.≈ ≈ ......#
###...≈≈≈ .. ...
......≈.
#.....####...# #
.....h.h3..#
#...#####h#.#
#..## #.h@# .
..# #...### # .
... #.# 3. #. #
. #


You could see 3 raiju and a neqoxec.

Vanquished Creatures
  A tentacled starspawn (Abyss:2)
  A frost giant (IceCv)
  2 hydras
  An ogre mage (D:10)
  A centaur warrior (D:13)
  3 death yaks (IceCv)
  3 two-headed ogres
  A spatial maelstrom (Abyss:2)
  4 deep elf pyromancers
  Pikel (D:6)
  2 ugly things
  2 slime creatures (D:12)
  2 manticores
  5 cyclopes
  Joseph (D:7)
  An ice statue (IceCv)
  A rime drake (IceCv)
  2 kobold demonologists
  An unseen horror (D:11)
  An ancient zyme (Abyss:2)
  A komodo dragon (D:12)
  3 trolls
  12 polar bears
  A meliai (D:10)
  A hornet (D:10)
  A raiju (Abyss:2)
  4 centaur simulacra (D:12)
  A large abomination (Abyss:2)
  A ynoxinul (Abyss:2)
  2 water elementals (D:12)
  23 yaks
  A vampire (D:10)
  3 wraiths
  3 vampire mosquitoes (D:11)
  3 steam dragons
  A spatial vortex (Abyss:2)
  An acid dragon (D:10)
  A small abomination (Abyss:2)
  2 necrophages
  5 ice beasts
  6 ogres
  5 orc warriors
  17 wolves
  8 centaurs
  4 lemures (D:6)
  A kobold brigand (D:8)
  6 bullfrogs
  2 gnoll sergeants
  3 scorpions
  A water moccasin skeleton (D:6)
  15 killer bees
  5 wights (D:6)
  8 howler monkeys
  2 centaur zombies
  2 bullfrog zombies
  2 bullfrog skeletons
  2 orc priests (D:9)
  A hound (D:6)
  2 centaur skeletons
  2 iguanas
  8 orc wizards
  A howler monkey zombie (D:9)
  Robin (D:4)
  6 gnolls
  5 adders
  2 shadow imps
  7 white imps
  An ufetubus (D:12)
  3 adder skeletons
  2 worms
  4 dart slugs
  32 orcs
  8 ball pythons
  5 bats
  5 endoplasms
  2 giant cockroaches
  13 goblins
  5 hobgoblins
  A quokka (D:1)
  A frilled lizard (D:3)
  6 kobolds
  2 rats (D:1)
  A starspawn tentacle (Abyss:2)
321 creatures vanquished.

Vanquished Creatures (others)
  A polar bear (IceCv)
  6 plants (D:10)
  A starspawn tentacle (Abyss:2)
8 creatures vanquished.

Grand Total: 329 creatures vanquished

Notes
Turn   | Place    | Note
-------+----------+-------------------------------------------
     0 | D:1      | joshe the Hill Orc Berserker began the quest for the Orb.
     0 | D:1      | Reached XP level 1. HP: 19/19 MP: 1/1
   303 | D:1      | Reached XP level 2. HP: 26/26 MP: 2/2
   308 | D:1      | Found a faded altar of an unknown god.
   457 | D:1      | Reached skill level 5 in Axes
   669 | D:1      | Reached XP level 3. HP: 30/31 MP: 3/3
  1489 | D:2      | Reached XP level 4. HP: 39/39 MP: 4/4
  1929 | D:3      | Reached ** piety under Trog
  2509 | D:4      | Noticed a scorpion
  2516 | D:4      | Killed a scorpion
  2517 | D:4      | Reached XP level 5. HP: 45/45 MP: 5/5
  2809 | D:4      | Noticed an ogre
  2821 | D:4      | Killed an ogre
  2822 | D:4      | Reached XP level 6. HP: 51/51 MP: 6/6
  2985 | D:4      | Noticed Robin
  2996 | D:4      | Killed Robin
  3291 | D:4      | Found a blossoming altar of Fedhas.
  3364 | D:5      | Entered Level 5 of the Dungeon
  3484 | D:5      | Reached skill level 10 in Axes
  3484 | D:5      | Reached XP level 7. HP: 57/57 MP: 7/7
  4086 | D:6      | Reached XP level 8. HP: 64/64 MP: 8/8
  4293 | D:6      | Noticed Pikel
  4311 | D:6      | Killed Pikel
  4469 | D:6      | Reached skill level 1 in Evocations
  4537 | D:6      | Reached skill level 5 in Fighting
  4537 | D:6      | Reached XP level 9. HP: 75/75 MP: 9/9
  5675 | D:7      | Noticed Joseph
  5692 | D:7      | Killed Joseph
  5958 | D:7      | Found a staircase to the Ecumenical Temple.
  5985 | D:7      | Reached skill level 1 in Shields
  6585 | D:8      | Found a white marble altar of Elyvilon.
  6975 | D:8      | Reached XP level 10. HP: 76/90 MP: 10/10
  7201 | D:9      | Found an opulent altar of Gozag.
  7389 | D:9      | Reached *** piety under Trog
  7397 | D:9      | Reached skill level 10 in Fighting
  7468 | D:9      | Found a staircase to the Lair.
  7645 | D:10     | Entered Level 10 of the Dungeon
  7723 | D:10     | Paralysed by a hornet for 1 turns
  7732 | D:10     | Reached skill level 5 in Armour
  7732 | D:10     | Reached skill level 5 in Shields
  7748 | D:10     | Noticed a cyclops
  7809 | D:10     | Killed a cyclops
  7967 | D:10     | Noticed a deep elf pyromancer
  7992 | D:10     | Killed a deep elf pyromancer
  8007 | D:10     | Noticed a kobold demonologist
  8080 | D:10     | Killed a kobold demonologist
  8104 | D:10     | Noticed a five-headed hydra
  8356 | D:10     | Noticed a deep elf pyromancer
  8369 | D:10     | Killed a deep elf pyromancer
  8370 | D:10     | Reached XP level 11. HP: 43/101 MP: 4/11
  8393 | D:10     | Killed a seven-headed hydra
  8394 | D:10     | Reached skill level 5 in Maces & Flails
  8735 | D:10     | Noticed a red ugly thing
  8780 | D:10     | Killed a red ugly thing
  9500 | D:11     | Noticed an ogre mage
  9517 | D:10     | Killed an ogre mage
 10375 | D:11     | Found Cavuomer's Magic Scroll Emporium.
 10385 | D:11     | Bought a scroll of identify for 34 gold pieces
 10385 | D:11     | Bought a scroll of identify for 34 gold pieces
 10395 | D:11     | Found a broken altar of Ashenzari.
 10516 | D:12     | Noticed a two-headed ogre
 10527 | D:12     | Killed a two-headed ogre
 10528 | D:12     | Reached skill level 10 in Maces & Flails
 10529 | D:12     | Found a frozen archway.
 10530 | D:12     | Found a flickering gateway to a bazaar.
 10559 | D:12     | Found Babuv's Armour Shop.
 10562 | D:12     | Noticed a cyclops
 10569 | D:12     | Noticed a manticore
 10574 | D:12     | HP: 2/101 [manticore (5)]
 10577 | D:12     | Noticed a two-headed ogre
 10586 | D:12     | Killed a manticore
 10587 | D:12     | Reached XP level 12. HP: 32/107 MP: 12/12
 10643 | Bazaar   | Entered a bazaar
 10643 | Bazaar   | Found Nappaod's Jewellery Shop.
 10643 | Bazaar   | Found Belaelokh's Magic Scroll Shoppe.
 10643 | Bazaar   | Found Gunubile's Antique Weapon Shop.
 10645 | Bazaar   | Found Tirphyph's Weapon Shoppe.
 10645 | Bazaar   | Found Xephow's Distillery.
 10691 | Bazaar   | Bought a glowing broad axe for 189 gold pieces
 10704 | Bazaar   | Bought a potion of curing for 27 gold pieces
 10704 | Bazaar   | Bought a potion of curing for 27 gold pieces
 10704 | Bazaar   | Bought a potion of might for 36 gold pieces
 10704 | Bazaar   | Bought a potion of heal wounds for 45 gold pieces
 10715 | Bazaar   | Bought a scroll of fear for 49 gold pieces
 10715 | Bazaar   | Bought a scroll of identify for 28 gold pieces
 10715 | Bazaar   | Bought a scroll of enchant weapon for 105 gold pieces
 10715 | Bazaar   | Bought a scroll of fog for 28 gold pieces
 10715 | Bazaar   | Bought a scroll of teleportation for 42 gold pieces
 10715 | Bazaar   | Bought a scroll of teleportation for 42 gold pieces
 10739 | IceCv    | Entered an ice cave
 11267 | IceCv    | Noticed a death yak
 11267 | IceCv    | Noticed a death yak
 11267 | IceCv    | Noticed a death yak
 11284 | IceCv    | Killed a death yak
 11304 | IceCv    | Killed a death yak
 11418 | IceCv    | Killed a death yak
 11714 | IceCv    | Noticed a frost giant
 11745 | IceCv    | Killed a frost giant
 11745 | IceCv    | Reached **** piety under Trog
 11759 | IceCv    | Reached skill level 5 in Evocations
 12203 | D:12     | Found a staircase to the Orcish Mines.
 12234 | D:12     | Reached XP level 13. HP: 80/118 MP: 13/13
 12606 | D:12     | Reached skill level 10 in Armour
 13655 | D:13     | Reached ***** piety under Trog
 13673 | D:13     | Cast into level 2 of the Abyss (a wizard)
 13698 | Abyss:2  | Noticed a tentacled starspawn
 13706 | Abyss:2  | Killed a tentacled starspawn
 13869 | Abyss:2  | HP: 3/124 [raiju/living lightning (14)]
 13878 | Abyss:2  | Gained mutation: Your body sometimes deteriorates upon
                  | taking damage. [a neqoxec]
 13888 | Abyss:2  | HP: 6/124 [raiju/living lightning (11)]
 13888 | Abyss:2  | Killed from afar by a raiju

Illustrated notes

Levels and vault maps discovered:
D:1:      ebering_trefoil_3fold, layout_basic,
          shapermc_ecumenical_altar_acropolis, grunt_decor_one_mirror
D:2:      layout_rooms
D:3:      layout_loops_corners
D:4:      layout_cave_pools, fedhas_ov_isle_minmay, minivault_19, uniq_robin
D:5:      layout_loops_ring
D:6:      layout_layer_cave, minmay_checkerbox, uniq_pikel
D:7:      layout_loops_ring, minmay_temple_entry_sparse_star, uniq_joseph
D:8:      layout_cave_pods, old_standard_altar, roderic_three_in_a_row
D:9:      layout_big_octagon, grunt_gozag_breadcrumbs, lair_entry_dummy
D:10:     layout_cave_pods, minmay_shattered_shrine
D:11:     layout_cave_pools, serial_shops, shop, cheibrodos_ashenzari_chains
D:12:     layout_rooms, orc_david_3, serial_ice, serial_ice_j, serial_ice_d,
          serial_ice_h, serial_ice_b, serial_ice_g, serial_ice_c,
          portal_ice_cave_entry_pillars_2, serial_shops, bzr_entry_water
D:13:     layout_loops_ring, david_vaults_1
Abyss:2:  base: D:12, base:
D:12

Skill      XL: |  1  2  3  4  5  6  7  8  9 10 11 12 13 |
---------------+----------------------------------------+-----
Axes           | 5 6 7 9 10 12 14 | 14.0
Fighting       | 5 8 10 12 14 | 14.0
Evocations     | 2 4 6 |  6.1
Armour         | 4 6 8 10 | 10.0
Shields        | 4 6 |  6.0
Dodging        | 3 4 |  4.0
Maces & Flails | 3 11 | 11.9

Action                   |  1- 3 |  4- 6 |  7- 9 | 10-12 | 13-15 || total
-------------------------+-------+-------+-------+-------+-------++-------
Melee: Hand axe          |    78 |   127 |   369 |   412 |    25 ||  1011
       Punch             |     1 |     2 |     4 |       |       ||     7
       Falchion          |       |       |       |    30 |       ||    30
       Flail             |       |       |       |    57 |    18 ||    75
       Trident           |       |       |       |    10 |       ||    10
       Broad axe         |       |       |       |   273 |   207 ||   480
Throw: Dart              |       |       |       |     1 |       ||     1
Invok: Berserk           |     5 |     3 |     8 |    16 |     4 ||    36
       Trog's Hand       |       |       |       |     4 |     1 ||     5
Evoke: Wand              |       |       |       |     3 |       ||     3
  Use: Scroll            |       |     4 |     7 |    15 |     2 ||    28
       Potion            |       |       |     1 |     9 |       ||    10
 Stab: Invisible         |       |       |       |     3 |       ||     3
Armor: Leather armour    |    20 |    60 |   138 |   246 |       ||   464
       Animal skin       |     3 |       |       |       |       ||     3
       Crystal plate arm |       |       |       |   230 |   184 ||   414
Dodge: Dodged            |    46 |    63 |   117 |   244 |    49 ||   519
       Repelled          |       |       |       |     3 |       ||     3
Block: Buckler           |       |       |    13 |   299 |    92 ||   404
